 Dungeon Crawl Stone Soup version 0.27.1-34-g3ba077fa99 (webtiles) character file.

Game seed: 6036372550126630896

0 lonewolfV2 the Sneak (level 1, -1/11 HPs)
             Began as an Octopode Enchanter on Jan 5, 2022.
             Slain by a quokka (4 damage)
             ... on level 1 of the Dungeon.
             The game lasted 00:00:05 (51 turns).

lonewolfV2 the Sneak (Octopode Enchanter)             Turns: 51, Time: 00:00:06

Health: -1/11      AC:  1    Str:  7    XL:     1   Next: 10%
Magic:  3/3        EV: 13    Int: 17    God:
Gold:   12         SH:  0    Dex: 12    Spells: 3/4 levels left

rFire    . . .     SeeInvis .   a - +1 dagger
rCold    . . .     Faith    .   (no shield)
rNeg     . . .     Spirit   .   (helmet restricted)
rPois    .         Reflect  .   (no amulet)
rElec    .         Harm     .   (no ring)
rCorr    .         Rampage  .   (no ring)
Will     .....                  (no ring)
Stlth    +++.......             (no ring)
HPRegen  0.03/turn              (no ring)
MPRegen  0.08/turn              (no ring)
                                (no ring)
                                (no ring)

@: no status effects
A: almost no armour, amphibious, 8 rings, camouflage 1, gelatinous body 1,
(nimble swimmer 1), tentacles
a: no special abilities


You were on level 1 of the Dungeon.
You visited 1 branch of the dungeon, and saw 1 of its levels.

You collected 12 gold pieces.

Inventory:

Hand Weapons
 a - a +1 dagger (weapon)


   Skills:
 + Level 1.0 Short Blades
 + Level 2.0 Dodging
 + Level 4.0 Stealth
 + Level 2.0 Spellcasting
 + Level 3.0 Hexes


You had 3 spell levels left.
You knew the following spells:

 Your Spells              Type           Power      Damage    Failure   Level
a - Corona                Hex            12%        N/A       5%          1

Your spell library contained the following spells:

 Spells                   Type           Power      Damage    Failure   Level
 Ensorcelled Hibernation  Hex/Ice        12%        N/A       16%         2
 Confusing Touch          Hex            11%        N/A       17%         3
 Tukima's Dance           Hex            11%        N/A       17%         3
 Dazzling Flash           Conj/Hex       12%        N/A       30%         3


Dungeon Overview and Level Annotations

Branches:
Dungeon (1/15)

Altars:


Innate Abilities, Weirdness & Mutations

You cannot wear most types of armour.
You are amphibious.
You can wear up to eight rings at the same time.
Your skin changes colour to match your surroundings (Stealth+).
Your rubbery body absorbs attacks. (AC +1, EV +1)
((You are camouflaged near water. (Stealth+)))
You have tentacles for arms and can constrict up to eight enemies at once.


Message History

Found a rat skeleton.
There is an open door here.
You open the door.
There is an open door here.
A ball python comes into view.
A ball python is nearby!
The helpless ball python fails to defend itself.
You puncture the ball python!
You kill the ball python!
As you open the door, it creaks loudly!
A quokka comes into view.
Found a hunting sling.
A quokka is nearby!
A bat comes into view.
There is an open door here.
You hit the quokka. Your grab misses the quokka.
The quokka is moderately wounded.
The bat closely misses you. The quokka bites you.
You barely miss the quokka. You grab the quokka.
The quokka is moderately wounded.
You constrict the quokka, but do no damage.
The bat misses you. The quokka bites you. The quokka misses you.
The bat closely misses you.
You hit the quokka but do no damage.
The quokka is moderately wounded.
You constrict the quokka, but do no damage.
The bat hits you. The quokka completely misses you.
You barely miss the quokka. Your squeeze misses the quokka.
The quokka is moderately wounded.
You constrict the quokka, but do no damage.
The bat closely misses you. x2; The quokka barely misses you.
You hit the quokka.
The quokka is heavily wounded.
You constrict the quokka. The bat closely misses you. The bat hits you.
* * * LOW HITPOINT WARNING * * *
The quokka barely misses you.
You hit the quokka but do no damage.
The quokka is severely wounded.
You constrict the quokka. The bat barely misses you. The quokka bites you.
You die...

#.. .. ..
######.#######
.............
.....b..)..###.
#......r.......
#@# ###.###
#..#..# ##...####
#....#....###
#....##.##....###
...####.####....#
##...###...###...#
#.....### #..#


You could see a quokka and a bat.

Vanquished Creatures
  A ball python (D:1)
1 creature vanquished.

Notes
Turn   | Place    | Note
-------+----------+-------------------------------------------
     0 | D:1      | lonewolfV2 the Octopode Enchanter began the quest for the
                  | Orb.
     0 | D:1      | Reached XP level 1. HP: 11/11 MP: 3/3
    51 | D:1      | Slain by a quokka

Illustrated notes

Levels and vault maps discovered:
D:1:      arrival_zaba_pyramid, layout_basic, serial_shops,
          nicolae_shop_window_shopping, nicolae_shop_waterfront,
          nicolae_square_shop, nicolae_shop_competitors_out_of_business,
          nicolae_shop_temple_entry_statues_fountains,
          hellmonk_ecumenical_altar_pennies_from_heaven

Action                   || total
-------------------------++-------
Melee: Dagger            ||     7
       Constrict         ||     1
 Stab: Sleeping          ||     1
Dodge: Dodged            ||    11
